 Dungeon Crawl Stone Soup version 0.31.0-11-ge490571c62 (webtiles) character file.

Game seed: 12321668587758744720

907 manyhoops the Poker (level 8, -5/60 HPs)
             Began as a Merfolk Alchemist on Feb 7, 2024.
             Slain by a yak (13 damage)
             ... on level 5 of the Dungeon.
             The game lasted 00:11:53 (6178 turns).

manyhoops the Poker (Merfolk Alchemist)             Turns: 6178, Time: 00:11:53

Health: -5/60      AC:  5    Str: 10    XL:     8   Next: 8%
Magic:  1/13       EV: 12    Int: 21    God:
Gold:   17         SH:  0    Dex: 14    Spells: 4/14 levels left

rFire   . . .        p - +8 war axe of the Witching Weasel {heavy, rC- Int+6 SInv}
rCold   . . .        (no shield)
rNeg    . . .        a - +0 robe
rPois   .            t - +1 hat
rElec   .            (no cloak)
rCorr   .            k - +0 pair of gloves
SInv    +            e - +0 pair of boots
Will    .....        (no amulet)
Stlth   ++           l - ring of wizardry
HPRegen 0.30/turn    y - ring of protection from cold
MPRegen 0.13/turn

%: wizardry (x1)
@: no status effects
A: (nimble swimmer 2), mertail
a: no special abilities


You were on level 5 of the Dungeon.
You visited 1 branch of the dungeon, and saw 5 of its levels.
You also visited: Sewer.

You collected 182 gold pieces.
You spent 165 gold pieces at shops.

Inventory:

Hand Weapons
 p - the +8 war axe of the Witching Weasel (weapon) {heavy, rC- Int+6 SInv}
   (You found it on level 5 of the Dungeon)

   Int+6:     It affects your intelligence (+6).
   rC-:       It makes you vulnerable to cold.
   SInv:      It lets you see invisible.
 D - a +2 vampiric trident
Armour
 a - a +0 robe (worn)
 e - a +0 pair of boots (worn)
 i - a +0 helmet
 k - a +0 pair of gloves (worn)
 t - a +1 hat (worn)
Jewellery
 l - a ring of wizardry (left hand)
 y - a ring of protection from cold (right hand)
Wands
 m - a wand of digging (6)
 n - a wand of paralysis (6)
Scrolls
 c - a scroll of acquirement {unknown}
 d - 2 scrolls of fog
 f - a scroll of blinking
 j - a scroll of revelation {unknown}
 u - a scroll of identify {unknown}
 w - a scroll of enchant armour {unknown}
 B - a scroll of enchant weapon {unknown}
 C - a scroll of noise {unknown}
Potions
 b - 3 potions of magic
 g - a potion of lignification {unknown}
 h - 2 potions of resistance
 o - 2 potions of curing
 q - a potion of brilliance {unknown}
 r - a potion of mutation
 s - a potion of attraction {unknown}
 v - 2 potions of might
 x - a potion of haste {unknown}
 z - a potion of enlightenment
 A - a potion of ambrosia {unknown}


   Skills:
 + Level 3.8 Fighting
 - Level 0.4 Short Blades
 * Level 6.8 Polearms
 - Level 2.6 Dodging
 - Level 3.0 Stealth
 - Level 3.8 Spellcasting
 - Level 1.2 Conjurations
 - Level 0.2 Air Magic
 - Level 6.6 Alchemy


You had 4 spell levels left.
You knew the following spells:

 Your Spells              Type           Power      Damage    Failure   Level
a - Sting                 Conj/Alch      80%        1d8       1%          1
b - Mercury Vapours       Alch/Air       36%        N/A       1%          2
c - Mephitic Cloud        Conj/Alch/Air  15%        N/A       4%          3
d - Olgreb's Toxic Radia  Alch           32%        N/A       3%          4

Your spell library contained the following spells:

 Spells                   Type           Power      Damage    Failure   Level
 Foxfire                  Conj/Fire      24%        2x1d5     4%          1
 Sticky Flame             Fire/Alch      18%        2d6       12%         4
 Anguish                  Hex/Necr       2%         N/A       43%         4
 Arcjolt                  Conj/Air       3%         1d13      65%         5


Dungeon Overview and Level Annotations

Branches:
Dungeon (5/15)             Temple (0/1) D:4           Sewer (visited)

Altars:
Nemelex Xobeh

Shops:
D:1 (   D:5 !


Innate Abilities, Weirdness & Mutations

((You are very nimble when in or above water. (Stealth+, EV+, Speed+++)))
Your lower body shifts to a powerful aquatic tail in water.


Message History

The yak is poisoned.
Unknown command.
Casting: Olgreb's Toxic Radiance (dangerous; 3% risk of failure)
Confirm with . or Enter, or press ? or * to list all spells.
Your toxic radiance grows in intensity.
The yak looks even sicker. x5
Unknown command.
Casting: Olgreb's Toxic Radiance (dangerous; 3% risk of failure)
Confirm with . or Enter, or press ? or * to list all spells.
Your toxic radiance grows in intensity.
The yak looks even sicker.
The yak looks as sick as possible!
The yak looks even sicker.
A yak comes into view.
Unknown command.
The yak looks even sicker.
The yak looks as sick as possible! x2
The yak bellows!
The yak is poisoned.
The yak looks as sick as possible!
You hear a bellow!
A yak comes into view.
You slash the yak!
The yak is severely wounded.
The yak looks as sick as possible! x3; The yak looks even sicker.
The yak looks as sick as possible!
The yak is poisoned.
Your toxic aura wanes.
The yak closely misses you.
The yak gores you. x2; The yak gores you!
Unknown command.
You slash the yak!
You kill the yak!
You hit the yak. x2; You slash the yak!
You kill the yak!
The yak barely misses you. x2; The yak gores you.
The yak barely misses you.
Your Polearms skill gained 2 levels and is now at level 6!
You have reached level 8!
You barely miss the yak.
The yak is severely wounded.
You slash the yak! You closely miss the yak. The yak gores you!
The yak gores you. x2
* * * LOW HITPOINT WARNING * * *
The yak gores you!
* * * LOW HITPOINT WARNING * * *
The yak gores you!
You die...

#............. ..
#.................
..
#...........>..... .
#................. .
#................# .
#................#
###...........Y....#
#...........Y†..#
#...........@Y..#
#............Y..#
#...............#
##+####
####...............#
.......
#......########...##
....... #.####.#
#...# ....... # #.#
#...# #..... .#
#...+ #...† .# ?.#
#.###


You could see 4 yaks.

Vanquished Creatures
  2 yaks (D:5)
  Pargi (Sewer)
  A brain worm (Sewer)
  A scorpion (D:4)
  A bombardier beetle (D:5)
  A howler monkey (D:5)
  2 hounds
  2 orc priests (D:4)
  An iguana (D:4)
  Robin (D:3)
  2 gnolls
  A white imp (D:4)
  A dart slug (D:4)
  3 ribbon worms
  5 orcs
  13 bats
  7 endoplasms
  4 giant cockroaches
  7 hobgoblins
  4 jackals (D:1)
  5 quokkas
  17 ball pythons
  8 frilled lizards
  16 goblins
  9 kobolds
  5 rats
120 creatures vanquished.

Notes
Turn   | Place    | Note
-------+----------+-------------------------------------------
     0 | D:1      | manyhoops the Merfolk Alchemist began the quest for the
                  | Orb.
     0 | D:1      | Reached XP level 1. HP: 13/13 MP: 3/3
   240 | D:1      | Reached XP level 2. HP: 19/19 MP: 3/5
   683 | D:1      | Reached skill level 1 in Conjurations
   684 | D:1      | Found Homogh's Antique Weapon Shop.
   750 | D:1      | Reached skill level 5 in Alchemy
   761 | D:1      | Reached XP level 3. HP: 23/24 MP: 1/6
   925 | D:1      | Found a faded altar of an unknown god.
  1493 | D:1      | Learned a level 2 spell: Mercury Vapours
  1643 | D:2      | Learned a level 3 spell: Mephitic Cloud
  1909 | D:2      | Reached XP level 4. HP: 6/30 MP: 1/7
  2774 | D:3      | Found a glowing drain.
  2811 | Sewer    | Entered a sewer
  2860 | Sewer    | Noticed Pargi
  2884 | Sewer    | Killed Pargi
  2885 | Sewer    | Reached skill level 1 in Fighting
  2885 | Sewer    | Reached XP level 5. HP: 16/37 MP: 0/10
  3042 | Sewer    | Reached XP level 6. HP: 43/43 MP: 3/11
  3664 | D:3      | Noticed Robin
  3675 | D:3      | Killed Robin
  4271 | D:3      | Found a sparkling altar of Nemelex Xobeh.
  4406 | D:4      | Reached skill level 1 in Polearms
  4931 | D:4      | Reached XP level 7. HP: 33/51 MP: 8/12
  5246 | D:4      | Found a staircase to the Ecumenical Temple.
  5608 | D:5      | Entered Level 5 of the Dungeon
  5749 | D:5      | Learned a level 4 spell: Olgreb's Toxic Radiance
  5805 | D:5      | Got the Omnibus of Destructive Doom
  5828 | D:5      | Found Nigh's Distillery.
  5836 | D:5      | Bought a potion of mutation for 88 gold pieces
  5836 | D:5      | Bought a potion of curing for 33 gold pieces
  5836 | D:5      | Bought a potion of might for 44 gold pieces
  6161 | D:5      | Identified the +8 war axe of the Witching Weasel {heavy,
                  | rC- Int+6 SInv}
  6170 | D:5      | Noticed a yak
  6171 | D:5      | Noticed a yak
  6171 | D:5      | Noticed a yak
  6171 | D:5      | Noticed a yak
  6174 | D:5      | Noticed a yak
  6175 | D:5      | Noticed a yak
  6177 | D:5      | Killed a yak
  6177 | D:5      | Killed a yak
  6178 | D:5      | Reached XP level 8. HP: 35/60 MP: 1/13
  6178 | D:5      | Slain by a yak

Illustrated notes

Levels and vault maps discovered:
D:1:      psy_arrival_conway, layout_basic, serial_forest,
          infiniplex_forest_corner_1, infiniplex_forest_straight_3,
          infiniplex_forest_lined_2, infiniplex_forest_lined_ring,
          infiniplex_forest_fountain, infiniplex_forest_end_1,
          infiniplex_forest_lined_corner, ebering_ecumenical_altar_petrified,
          serial_shops, nicolae_shop_statue_plus
D:2:      minmay_wonky_spiral, layout_rooms, kennysheep_cross_room,
          minmay_fractal_squares_5
D:3:      layout_loops_ring, nicolae_overflow_hidden_temple,
          mainiacjoe_sewer_entry_somewhere_in_here_1, minivault_14,
          minmay_pentomino_pile, uniq_robin
D:4:      layout_basic, minmay_temple_entry_poolview, hangedman_glass_teeth
D:5:      layout_basic, serial_shops, shop, uniq_menkaure

Skill      XL: |  1  2  3  4  5  6  7 |
---------------+----------------------+-----
Conjurations   | 1 |  1.2
Alchemy        | 5 6 |  6.6
Fighting       | 1 2 3 |  3.8
Spellcasting   | 3 |  3.8
Stealth        | 3 |  3.0
Polearms       | 3 6 |  6.8
Short Blades   | |  0.4
Dodging        | |  2.6
Air Magic      | |  0.2

Action                     |  1- 3 |  4- 6 |  7- 9 || total
---------------------------+-------+-------+-------++-------
  Melee: Dagger            |    63 |    53 |       ||   116
         Tailslap          |       |     4 |       ||     4
         Trident           |       |     9 |    21 ||    30
         War axe           |       |       |     3 ||     3
   Cast: Sting             |    63 |   124 |    27 ||   214
         Mercury Vapours   |     4 |     4 |     1 ||     9
         Olgreb's Toxic Ra |       |       |     5 ||     5
    Use: Scroll            |       |     2 |     2 ||     4
         Potion            |       |       |     4 ||     4
   Stab: Sleeping          |       |     1 |     2 ||     3
 Armour: Robe              |    60 |    39 |    37 ||   136
  Dodge: Dodged            |    79 |    57 |    27 ||   163
